 Dungeon Crawl Stone Soup version 0.17-a0-1701-gf693a3f (webtiles) character file.

1139 kae the Martial Artist (level 8, -5/59 HPs)
             Began as a Purple Draconian Transmuter on Aug 21, 2015.
             Was a Follower of Qazlal.
             Slain by an orc priest
             ... wielding a +0 flail
              (11 damage)
             ... on level 5 of the Dungeon.
             The game lasted 00:05:47 (5862 turns).

kae the Martial Artist (DrTm)                       Turns: 5862, Time: 00:05:47

Health: -5/59      AC:  6    Str: 12    XL:     8   Next: 14%
Magic:  11/11      EV: 12    Int: 20    God:    Qazlal [*.....]
Gold:   217        SH:  2    Dex: 13    Spells: 1 memorised, 10 levels left

rFire  . . .     SeeInvis .       - Unarmed
rCold  . . .     Clarity  .     (armour unavailable)
rNeg   . . .     SustAt   .     (no shield)
rPois  .         Gourm    .     (helmet restricted)
rElec  .         Spirit   .     (no cloak)
rCorr  .         Warding  .     (no gloves)
rMut   .         Stasis   .     (no boots)
MR     +....                    (no amulet)
Stlth  +.........               (no ring)
                                (no ring)

@: brilliant, about to teleport, somewhat resistant to hostile enchantments,
very unstealthy
A: breathe power, unfitting armour, cold-blooded, AC +6
a: Breathe Dispelling Energy, Renounce Religion


You were on level 5 of the Dungeon.
You worshipped Qazlal.
Qazlal was aware of your devotion.
You were hungry.

You visited 1 branch of the dungeon, and saw 5 of its levels.

You collected 217 gold pieces.

Inventory:

Missiles
 a - 109 arrows
Jewellery
 r - an uncursed ring of flight {unknown}
Magical devices
 u - a wand of enslavement (1)
 v - a wand of teleportation (0)
Scrolls
 d - 4 scrolls of immolation {unknown}
 e - 3 scrolls of enchant armour {unknown}
 f - 2 scrolls of blinking {unknown}
 g - 2 scrolls of enchant weapon {unknown}
 i - 3 scrolls of remove curse {unknown}
 k - a scroll of amnesia {unknown}
 n - 2 scrolls of fog {unknown}
 s - a scroll of magic mapping {unknown}
 t - 3 scrolls of teleportation {unknown}
Potions
 j - a potion of cure mutation {unknown}
 m - 2 potions of degeneration {unknown}
 o - a potion of brilliance
 q - a potion of haste {unknown}
 w - a potion of might {unknown}
 x - 2 potions of mutation {unknown}
 z - 2 potions of berserk rage {unknown}
 A - a potion of resistance {unknown}
Books
 b - a book of Changes

   Spells                             Type                      Level
   a - Beastly Appendage              Transmutation                1
   b - Sticks to Snakes               Transmutation                2
   c - Spider Form                    Transmutation/Poison         3
   d - Ice Form                       Ice/Transmutation            4
   e - Blade Hands                    Transmutation                5
Comestibles
 c - 3 bread rations
 h - 5 meat rations
 l - a beef jerky
 p - 2 slices of pizza


   Skills:
 - Level 1.1 Fighting
 - Level 1.7 Dodging
 + Level 10.1 Unarmed Combat
 - Level 2.4 Spellcasting
 - Level 2.0 Transmutations


You had 10 spell levels left.
You knew the following spells:

 Your Spells              Type           Power        Failure   Level  Hunger
a - Beastly Appendage     Trmt           ###...       1%          1    #......


Dungeon Overview and Level Annotations

Branches:
Dungeon (5/15)
 Temple: D:4-7

Altars:
Cheibriados
Qazlal
Sif Muna
Trog


Innate Abilities, Weirdness & Mutations

You can breathe bolts of dispelling energy.
Your rich purple scales are hard (AC +6).
Your body does not fit into most forms of armour.
You are cold-blooded and may be slowed by cold attacks.


Message History

The orc priest is severely wounded.
The ogre hits you with a giant club.
* * * LOW HITPOINT WARNING * * *
The orc priest casts a cantrip, but nothing happens.
Evoke which item? (* to show all) (? for menu, Esc to quit)
Zapping:
v - a wand of teleportation {zapped: 7} (will waste charges)
Press: ? - help, Shift-Dir - straight line, f - you You feel strangely unstable.
Evoking this partially-identified wand wasted a few charges.
The ogre misses you.
The orc priest invokes the aid of Beogh against you.
Something smites you!
* * * LOW HITPOINT WARNING * * *
Drink which item? (? for menu, Esc to quit)
You can't drink that!
Drink which item? (? for menu, Esc to quit)
It was a potion of brilliance.
You feel clever all of a sudden. The orc priest hits you with a flail!
You die...

########
.......' #.
......## #.
..... # ######..
.... ......##
[.. #.....#
##### ##
#.....####..>...
+.....'O@oo.....
#.....####oZ....
#.....# .....
#.....# ....
#.....# ...
#.....# ..
#.....# .
#.....# #<....#


You could see an ogre, 2 orc priests, an orc and an adder skeleton.

Vanquished Creatures
  2 centaurs
  2 ogres
  3 phantoms
  A giant frog (D:4)
  A scorpion (D:4)
  2 jellies (D:5)
  A centaur zombie (D:5)
  Ijyb (D:3)
  A centaur skeleton (D:3)
  2 giant frog skeletons
  An iguana (D:5)
  3 worker ants
  A hound skeleton (D:4)
  A gnoll (D:4)
  4 adders
  2 adder skeletons
  2 worms (D:2)
  3 giant geckos
  8 orcs
  4 bats
  4 giant cockroaches
  9 goblins
  10 hobgoblins
  8 kobolds
  4 quokkas
  4 ball pythons
  2 giant gecko skeletons
  4 giant newts
  2 jackals (D:5)
  2 quokka skeletons
  14 rats
108 creatures vanquished.

Notes
Turn   | Place    | Note
--------------------------------------------------------------
     0 | D:1      | kae the Draconian Transmuter began the quest for the Orb.
     0 | D:1      | Reached XP level 1. HP: 16/16 MP: 3/3
   108 | D:1      | Reached XP level 2. HP: 21/23 MP: 3/5
   890 | D:2      | Reached skill level 4 in Unarmed Combat
   899 | D:2      | Reached XP level 3. HP: 25/28 MP: 6/6
  1710 | D:2      | Found a snail-covered altar of Cheibriados.
  1717 | D:2      | Found a stormy altar of Qazlal.
  1719 | D:2      | Found a bloodstained altar of Trog.
  1729 | D:2      | Became a worshipper of Qazlal Stormbringer
  2231 | D:3      | Reached XP level 4. HP: 35/35 MP: 7/7
  2254 | D:3      | Reached skill level 5 in Unarmed Combat
  2951 | D:3      | Noticed Ijyb
  2960 | D:3      | Killed Ijyb
  2960 | D:3      | Reached XP level 5. HP: 36/40 MP: 8/8
  3151 | D:3      | Found a deep blue altar of Sif Muna.
  3211 | D:3      | Acquired Qazlal's first power
  3417 | D:4      | Noticed a phantom
  3591 | D:4      | Killed a phantom
  3591 | D:4      | Reached skill level 6 in Unarmed Combat
  3721 | D:4      | Reached XP level 6. HP: 44/47 MP: 9/9
  3733 | D:4      | Reached skill level 7 in Unarmed Combat
  3779 | D:4      | Noticed an ogre
  3787 | D:4      | Killed an ogre
  4029 | D:4      | Noticed a centaur
  4044 | D:4      | Killed a centaur
  4305 | D:4      | Reached skill level 8 in Unarmed Combat
  4325 | D:4      | Your scales start taking on a rich purple colour.
  4325 | D:4      | Reached XP level 7. HP: 50/52 MP: 10/10
  4636 | D:5      | Entered Level 5 of the Dungeon
  4669 | D:5      | Reached skill level 9 in Unarmed Combat
  5183 | D:5      | Reached XP level 8. HP: 27/59 MP: 11/11
  5360 | D:5      | HP: 2/59 [ogre/giant club (29)]
  5611 | D:5      | Reached skill level 10 in Unarmed Combat
  5862 | D:5      | Slain by an orc priest

Vault maps used:
D:1:      erik_arrival_orb_chamber, minmay_crystal_room
D:2:      gammafunk_temple_overflow_forgotten
D:3:      serial_undead, serial_undead_b, serial_undead_c, serial_undead_d,
          serial_undead_e, led_sif_pool, uniq_iyjb
D:5:      kennysheep_mini, zin_statuary, first_bread

Action                   |  1- 3 |  4- 6 |  7- 9 || total
-------------------------+-------+-------+-------++-------
Melee: Unarmed           |   210 |   155 |    99 ||   464
 Cast: Beastly Appendage |     9 |     8 |     8 ||    25
Evoke: Wand              |       |       |     3 ||     3
  Use: Potion            |       |       |     1 ||     1
  Eat: Chunk             |     5 |     6 |     5 ||    16
